 Dungeon Crawl Stone Soup version 0.28.0-45-g0d030f2227 (webtiles) character file.

Game seed: 8960999147756336084

15199 Peloso the Carver (level 11, 0/111 HPs)
             Began as a Minotaur Fighter on Apr 3, 2022.
             Succumbed to a minotaur's poison
             ... in a Gauntlet.
             The game lasted 00:31:53 (12891 turns).

Peloso the Carver (Minotaur Fighter)               Turns: 12891, Time: 00:31:53

Health: 0/111      AC: 25    Str: 24    XL:     11   Next: 98%
Magic:  10/10      EV:  8    Int:  5    God:
Gold:   138        SH: 11    Dex: 11    Spells: 10/10 levels left

rFire   . . .      SeeInvis .   a - +1 long sword
rCold   + + .      Faith    .   c - +0 buckler
rNeg    + . .      Spirit   .   z - +0 plate armour
rPois   .          Reflect  +   (helmet restricted)
rElec   .          Harm     .   n - +1 cloak
rCorr   +          Rampage  .   F - +0 pair of gloves of Salvation {rN+ rCorr}
Will    .....      Clarity  +   l - +0 pair of boots
Stlth   .......... NoTele   +   P - amulet of reflection
HPRegen 0.28/turn               e - +4 ring of protection
MPRegen 0.12/turn               p - ring "Jonamedwao" {Fly rC++ Slay+2}

@: mighty, lethally poisoned (0 -> -10), on berserk cooldown, flying, hasted and
slowed, invisible
A: horns 2, retaliatory headbutt, clarity, robust 1
a: no special abilities


You were in a Gauntlet.
You visited 1 branch of the dungeon, and saw 11 of its levels.
You also visited: Sewer, Bailey and Gauntlet.

You collected 540 gold pieces.
You spent 402 gold pieces at shops.

Inventory:

Hand Weapons
 a - a +1 long sword (weapon)
 t - the +7 rapier of Youthful Indiscretion {holy, rPois Str-3 Int+3}
   (You bought it in a shop on level 10 of the Dungeon)

   It has been blessed by the Shining One to cause great damage to the undead
   and demons.
   Str:       It affects your strength (-3).
   Int:       It affects your intelligence (+3).
   rPois:     It protects you from poison.
Missiles
 h - a throwing net (quivered)
Armour
 b - a +0 scale mail
 c - a +0 buckler (worn)
 g - +0 acid dragon scales
 l - a +0 pair of boots (worn)
 n - a +1 cloak (worn)
 z - a +0 plate armour (worn)
 F - the +0 pair of gloves of Salvation (worn) {rN+ rCorr}
   (You found it in a Gauntlet)

   rN:        It protects you from negative energy.
   rCorr:     It protects you from acid and corrosion.
Jewellery
 e - a +4 ring of protection (left hand)
 p - the ring "Jonamedwao" (right hand) {Fly rC++ Slay+2}
   (You found it in a Gauntlet)

   [ring of flight]

   Slay:      It affects your accuracy & damage with ranged weapons and melee
   (+2).
   rC:        It greatly protects you from cold.
   Fly:       It grants you flight.
 y - a ring of ice
 A - a +6 ring of intelligence
 B - a ring of magical power
 E - a ring of flight
 I - a +6 ring of dexterity
 P - an amulet of reflection (around neck)
Wands
 G - a wand of polymorph (9)
 H - a wand of charming (3)
 O - a wand of iceblast (5)
Scrolls
 j - 3 scrolls of fog
 k - 2 scrolls of fear
 m - 6 scrolls of teleportation
 q - a scroll of immolation {unknown}
 u - a scroll of noise
 v - a scroll of amnesia
 x - a scroll of holy word
 C - a scroll of enchant armour {unknown}
 D - 2 scrolls of enchant weapon
 J - a scroll of magic mapping
 M - a scroll of acquirement
Potions
 d - a potion of might
 i - 2 potions of mutation
 r - 2 potions of magic
 s - a potion of haste
 K - a potion of experience {unknown}
 L - 2 potions of invisibility
 N - a potion of brilliance {unknown}
Miscellaneous
 R - a condenser vane


   Skills:
 + Level 10.8 Fighting
 + Level 1.2(8.1) Short Blades
 + Level 13.7 Long Blades
 + Level 12.5 Armour
 + Level 3.1 Dodging
 + Level 1.1 Stealth
 + Level 10.2 Shields
 + Level 1.8 Evocations


You had 10 spell levels left.
You didn't know any spells.
Your spell library contained the following spells:

 Spells                   Type           Power      Damage    Failure   Level
 Animate Skeleton         Necr           0%         N/A       99%         1
 Apportation              Tloc           0%         N/A       99%         1
 Summon Small Mammal      Summ           0%         N/A       99%         1
 Call Canine Familiar     Summ           0%         N/A       100%        3
 Frozen Ramparts          Ice            0%         1d2       100%        3
 Portal Projectile        Hex/Tloc       0%         N/A       100%        3
 Ice Form                 Ice/Tmut       0%         N/A       100%        4
 Leda's Liquefaction      Hex/Erth       0%         N/A       100%        4
 Summon Ice Beast         Ice/Summ       0%         N/A       100%        4


Dungeon Overview and Level Annotations

Branches:
Dungeon (11/15)              Lair (0/6) D:9             Orc (0/2) D:10
  Sewer (visited)          Bailey (visited)         Gauntlet (1/1)
 Temple: D:4-7

Altars:
Fedhas
Makhleb
Ru
Trog
Xom
Yredelemnul
The Shining One

Shops:
D:6 =   D:10 !:[(:   D:11 *

Annotations:
D:11 1 runed translucent door Gauntlet 8 transporters, exclusion: 2 lightning spires


Innate Abilities, Weirdness & Mutations

You have a pair of horns on your head.
You reflexively headbutt those who attack you in melee.
You possess an exceptional clarity of mind.
You are robust. (+10% HP)


Message History

* * * LOW HITPOINT WARNING * * *
The minotaur gores you.
* * * LOW HITPOINT WARNING * * *
You slash the minotaur!
You headbutt the minotaur, but do no damage.
The minotaur is moderately wounded.
You feel sick.
Unknown command.
You feel much better.
You feel sick.
The minotaur hits you with a +5 mace of venom.
The minotaur gores you!
* * * LOW HITPOINT WARNING * * *
Unknown command.
You barely miss the minotaur.
The minotaur furiously retaliates!
The minotaur headbutts you!
* * * LOW HITPOINT WARNING * * *
You headbutt the minotaur!
The minotaur is heavily wounded.
You feel sick. You block the minotaur's attack.
The minotaur gores you but does no damage.
You slash the minotaur! You headbutt the minotaur!!
The minotaur is almost dead.
You feel sick.
The minotaur hits you with a +5 mace of venom!
* * * LOW HITPOINT WARNING * * *
You are lethally poisoned!
The minotaur gores you but does no damage.
You hit the minotaur.
The minotaur is almost dead.
* * * LOW HITPOINT WARNING * * *
You feel sick.
Unknown command.
You slash the minotaur!
You kill the minotaur!
* * * LOW HITPOINT WARNING * * *
You feel sick.
Unknown command.
It was a potion of invisibility.
You fade into invisibility!
You die...

###+## ###..⌠.#
.'⌠...# #...⌠+
#.∩).# #@#
#######'######
#.............#
#.###.###.###.#
#.............#
###.###.###.###
###.###.###.###
#.............#
##...©.©.©...##


There were no monsters in sight!

Vanquished Creatures
  An orc warlord (Bailey)
  A minotaur (Gauntlet)
  A centaur warrior (D:11)
  A two-headed ogre (D:10)
  4 sixfirhies (Gauntlet)
  A fire crab (Gauntlet)
  2 oklob plants
  A minotaur zombie (Gauntlet)
  A troll (D:10)
  Grinder (D:3)
  3 wyverns
  A wraith (D:6)
  10 yaks
  2 steam dragons (D:9)
  A basilisk (D:9)
  3 vampire mosquitoes (D:11)
  5 fire bats (Gauntlet)
  Eustachio (D:5)
  A warg (D:10)
  Menkaure (D:5)
  A water moccasin (Sewer)
  3 hell hounds (Gauntlet)
  2 acid dragons (Gauntlet)
  Duvessa (D:5)
  12 orc warriors
  2 black bears
  An ice beast (D:5)
  A necrophage (D:4)
  3 centaurs
  5 kobold brigands
  3 bullfrogs (D:8)
  A gnoll sergeant (D:4)
  A scorpion (D:3)
  A water moccasin skeleton (D:4)
  Dowan (D:5)
  6 killer bees (D:11)
  A howler monkey (D:9)
  2 centaur zombies (D:9)
  5 centaur skeletons
  3 jellies
  A bullfrog skeleton (D:5)
  A gnoll shaman (D:4)
  An orc priest (D:9)
  Crazy Yiuf (D:5)
  3 iguanas
  Terence (D:2)
  A scorpion zombie (D:5)
  5 orc wizards
  3 howler monkey zombies
  10 gnolls (D:4)
  2 howler monkey skeletons
  9 adders
  2 ufetubi (D:5)
  A dart slug (D:2)
  27 orcs
  9 ball pythons
  3 bats
  5 endoplasms
  2 giant cockroaches
  11 hobgoblins
  10 jackals
  2 quokkas
  12 goblins
  34 kobolds
  4 rats
  A spectral orc (D:3)
258 creatures vanquished.

Vanquished Creatures (others)
  17 fungi (D:9)
  30 plants (D:9)
  16 toadstools
63 creatures vanquished.

Grand Total: 321 creatures vanquished

Notes
Turn   | Place    | Note
-------+----------+-------------------------------------------
     0 | D:1      | Peloso the Minotaur Fighter began the quest for the Orb.
     0 | D:1      | Reached XP level 1. HP: 19/19 MP: 0/0
   168 | D:1      | Reached XP level 2. HP: 27/27 MP: 1/1
   865 | D:1      | Gained mutation: You possess an exceptional clarity of
                  | mind. [potion of mutation]
   865 | D:1      | Gained mutation: You are robust. (+10% HP) [potion of
                  | mutation]
   946 | D:2      | Reached XP level 3. HP: 30/37 MP: 2/2
  1087 | D:2      | Noticed Terence
  1100 | D:2      | Killed Terence
  1101 | D:2      | Reached skill level 3 in Long Blades
  1101 | D:2      | Reached XP level 4. HP: 36/45 MP: 3/3
  1293 | D:2      | Found a faded altar of an unknown god.
  1644 | D:3      | Found a glowing golden altar of the Shining One.
  1673 | D:3      | Noticed a scorpion
  1681 | D:3      | Killed a scorpion
  1682 | D:3      | Reached skill level 5 in Fighting
  1682 | D:3      | Reached XP level 5. HP: 52/52 MP: 4/4
  1740 | D:3      | Noticed Grinder
  1750 | D:3      | Killed Grinder
  1751 | D:3      | Reached skill level 5 in Long Blades
  1751 | D:3      | Reached skill level 5 in Armour
  1751 | D:3      | Reached skill level 1 in Dodging
  1751 | D:3      | Reached XP level 6. HP: 60/61 MP: 5/5
  1837 | D:3      | Found a basalt altar of Yredelemnul.
  2659 | D:4      | Found a glowing drain.
  2669 | Sewer    | Entered a sewer
  2721 | Sewer    | Noticed a water moccasin
  2728 | Sewer    | Killed a water moccasin
  2928 | D:4      | Reached skill level 5 in Shields
  2928 | D:4      | Reached XP level 7. HP: 68/68 MP: 6/6
  2948 | D:4      | Reached skill level 6 in Long Blades
  2972 | D:4      | Found a sacrificial altar of Ru.
  3805 | D:4      | Reached skill level 7 in Long Blades
  4336 | D:5      | Entered Level 5 of the Dungeon
  4336 | D:5      | Noticed Eustachio
  4356 | D:5      | Killed Eustachio
  4357 | D:5      | Reached XP level 8. HP: 77/78 MP: 7/7
  4382 | D:5      | Noticed Menkaure
  4390 | D:5      | Killed Menkaure
  4751 | D:5      | Noticed Duvessa
  4752 | D:5      | Noticed Dowan
  4767 | D:5      | Killed Duvessa
  4768 | D:5      | Reached skill level 8 in Long Blades
  4771 | D:5      | Killed Dowan
  5696 | D:5      | Found a runed translucent door.
  5697 | D:5      | Noticed Crazy Yiuf
  5919 | D:5      | Killed Crazy Yiuf
  6179 | D:6      | Found Sumorilu's Jewellery Emporium.
  6333 | D:6      | Reached skill level 9 in Long Blades
  6469 | D:6      | Reached XP level 9. HP: 81/86 MP: 8/8
  7246 | D:7      | Noticed a boulder beetle
  7826 | D:8      | Found a shimmering altar of Xom.
  7828 | D:8      | Found a bloodstained altar of Trog.
  8280 | D:9      | Reached skill level 10 in Long Blades
  8350 | D:9      | Reached skill level 11 in Long Blades
  8351 | D:9      | Reached XP level 10. HP: 82/99 MP: 9/9
  8366 | D:9      | Reached skill level 10 in Armour
  8403 | D:9      | Found a blossoming altar of Fedhas.
  8522 | D:9      | Found a flagged portal.
  8544 | D:9      | Found a burning altar of Makhleb.
  8547 | D:9      | Noticed a cacodemon
  8563 | Bailey   | Entered a bailey
  8607 | Bailey   | Noticed an orc warlord
  8853 | Bailey   | Found a runed translucent gate.
  8853 | Bailey   | Found a runed translucent gate.
  8879 | Bailey   | Found a runed translucent gate.
  9062 | Bailey   | Killed an orc warlord
  9753 | D:9      | Found a staircase to the Lair.
  9767 | D:9      | Reached skill level 12 in Long Blades
 10138 | D:9      | Noticed an oklob plant
 10153 | D:9      | Killed an oklob plant
 10154 | D:9      | Reached skill level 1 in Stealth
 10154 | D:9      | Reached skill level 1 in Evocations
 10272 | D:10     | Entered Level 10 of the Dungeon
 10272 | D:10     | Found Buska Naph's Book Boutique.
 10308 | D:10     | Noticed a two-headed ogre
 10315 | D:10     | Killed a two-headed ogre
 10350 | D:10     | Reached XP level 11. HP: 55/106 MP: 10/10
 10583 | D:10     | Found a staircase to the Orcish Mines.
 10933 | D:10     | Found Erphaisku's Antique Weapon Shop.
 10950 | D:10     | Bought a bloodstained rapier for 270 gold pieces
 10950 | D:10     | Identified the +7 rapier of Youthful Indiscretion {holy,
                  | rPois Str-3 Int+3} (You bought it in a shop on level 10 of
                  | the Dungeon)
 11084 | D:10     | Found Qavvuoga's Book Shop.
 11087 | D:10     | Found Paarovvy's Distillery.
 11095 | D:10     | Bought a potion of berserk rage for 60 gold pieces
 11095 | D:10     | Bought a potion of degeneration for 12 gold pieces
 11095 | D:10     | Bought a potion of heal wounds for 60 gold pieces
 11211 | D:10     | Found Unixoy's Antique Armour Emporium.
 11463 | D:11     | Reached skill level 10 in Fighting
 11468 | D:11     | Reached skill level 13 in Long Blades
 11469 | D:11     | Found a runed translucent gate.
 11511 | D:11     | Noticed a centaur warrior
 11522 | D:11     | Killed a centaur warrior
 11550 | D:11     | Found Zehutow's General Store.
 11562 | D:11     | Found a gate leading to a gauntlet.
 11569 | Gauntlet | Entered a Gauntlet
 11569 | Gauntlet | Found a transporter.
 11569 | Gauntlet | Found a transporter.
 11638 | Gauntlet | Noticed a soul eater
 11675 | Gauntlet | Found a transporter.
 11677 | Gauntlet | Found a transporter.
 11680 | Gauntlet | Found a transporter.
 11681 | Gauntlet | Noticed an oklob plant
 11682 | Gauntlet | Noticed a fire crab
 11683 | Gauntlet | Found a transporter.
 11724 | Gauntlet | Found a transporter.
 11725 | Gauntlet | Found a transporter.
 11725 | Gauntlet | Found a transporter.
 11728 | Gauntlet | Noticed a sixfirhy
 11729 | Gauntlet | Noticed a sixfirhy
 11731 | Gauntlet | Noticed a sixfirhy
 11738 | Gauntlet | Noticed a catoblepas
 11740 | Gauntlet | Found a transporter.
 11756 | Gauntlet | Found a transporter.
 11759 | Gauntlet | Noticed a sixfirhy
 11766 | Gauntlet | Found a transporter.
 11770 | Gauntlet | Found a transporter.
 11813 | Gauntlet | Found a transporter.
 11976 | Gauntlet | Killed an oklob plant
 12163 | Gauntlet | Killed a fire crab
 12178 | Gauntlet | Identified the +0 pair of gloves of Salvation {rN+ rCorr}
 12414 | Gauntlet | Killed a sixfirhy
 12417 | Gauntlet | Killed a sixfirhy
 12420 | Gauntlet | Killed a sixfirhy
 12428 | Gauntlet | Killed a sixfirhy
 12429 | Gauntlet | Reached skill level 10 in Shields
 12742 | Gauntlet | Identified the ring "Jonamedwao" {Fly rC++ Slay+2}
 12862 | Gauntlet | Noticed a minotaur
 12871 | Gauntlet | Reached skill level 1 in Short Blades
 12889 | Gauntlet | HP: 4/111 [poisoned by a minotaur]
 12890 | Gauntlet | Killed a minotaur
 12891 | Gauntlet | Succumbed to a minotaur's poison

Illustrated notes

Levels and vault maps discovered:
D:1:      dpeg_arrival_rooms_a, layout_basic
D:2:      layout_basic, shapermc_ecumenical_altar_mp_vishouse,
          grunt_ministairs_14, uniq_terence
D:3:      layout_loops_corners, yredelemnul_forgotten_temple_becter, tso_altar,
          chequers_serial_rivers_small_b, uniq_grinder
D:4:      layout_loops_ring, old_standard_altar, portal_sewer_entry_d,
          grunt_decor_one_mirror, pf_guarded_unrand_woodcutter
D:5:      layout_loops_corners, grunt_ministairs_4, uniq_duvessa,
          uniq_eustachio, uniq_crazy_yiuf_cottage, uniq_menkaure
D:6:      layout_loops_ring, serial_shops, nicolae_shop_crystal
D:7:      layout_basic, minmay_temple_entry_mist, grunt_ministairs_12,
          kennysheep_cross_room, grunt_decor_resistance,
          hangedman_feature_mirror, minmay_gold_behind_fungi
D:8:      layout_loops_ring, mainiacjoe_overflow_catwalk_spiral
D:9:      layout_long_grid, makhleb_altar_promises_db, tgw_fedhas,
          david_lair_generic, enter_bailey_3, wad_rectangle_vault
D:10:     layout_loops_ring, david_orc_1_choice, serial_shops, shop,
          kennysheep_little_box, shop_statue, shop, kennysheep_mini_moat
D:11:     layout_irregular_city, gauntlet_entry_generic,
          gammafunk_ghost_necromancy, serial_shops, nicolae_shop_statue_plus
Gauntlet: gammafunk_gauntlet_mixed_choke_point
          [minmay_gauntlet_arena_77_two_lines,
          minmay_gauntlet_arena_77_p_blocks,
          minmay_gauntlet_arena_77_chump_sandwich,
          nicolae_gauntlet_arena_blocks, minmay_gauntlet_arena_77_braids,
          minmay_gauntlet_arena_77_fan, minmay_gauntlet_arena_77_broken_ladder,
          gauntlet_exit_hidden_loot]

Skill      XL: |  1  2  3  4  5  6  7  8  9 10 11 |
---------------+----------------------------------+-----
Fighting       | 4 5 6 7 8 9 10 | 10.8
Armour         | 4 5 6 8 9 11 12 | 12.5
Shields        | 4 5 6 8 10 | 10.2
Long Blades    | 3 5 7 9 11 12 13 | 13.7
Dodging        | 1 2 3 |  3.1
Stealth        | 1 |  1.1
Evocations     | 1 |  1.8
Short Blades   | 1 |  1.2

Action                   |  1- 3 |  4- 6 |  7- 9 | 10-12 || total
-------------------------+-------+-------+-------+-------++-------
Melee: Long sword        |    71 |    56 |   333 |   411 ||   871
       Headbutt          |     9 |     9 |    68 |    95 ||   181
       Rapier            |       |       |       |    18 ||    18
Evoke: Wand              |       |       |       |     9 ||     9
  Use: Scroll            |     2 |       |     4 |    12 ||    18
       Potion            |     1 |       |       |    16 ||    17
Armor: Scale mail        |    55 |     7 |       |       ||    62
       Chain mail        |       |    25 |   100 |       ||   125
       Plate armour      |       |       |   114 |   399 ||   513
Dodge: Dodged            |    39 |    14 |   118 |   166 ||   337
Block: Buckler           |    18 |    10 |    75 |   190 ||   293
       Reflection        |       |       |       |     2 ||     2
